 Dungeon Crawl Stone Soup version 0.31-a0-261-g072fdb8a1f (webtiles) character file.

Game seed: 11333911026045605344

2 qw the Shooter (level 1, 0/16 HPs)
             Began as a Minotaur Hexslinger on July 13, 2023.
             Slain by a gnoll
             ... wielding a +0 spear
              (6 damage)
             ... on level 1 of the Dungeon.
             The game lasted 00:00:03 (144 turns).

qw the Shooter (Minotaur Hexslinger)                 Turns: 144, Time: 00:00:03

Health: 0/16       AC:  2    Str: 12    XL:     1   Next: 25%
Magic:  1/1        EV: 12    Int: 10    God:
Gold:   42         SH:  0    Dex: 12    Spells: 1/2 levels left

rFire   . . .        Y - +0 shortbow
rCold   . . .        (shield currently unavailable)
rNeg    . . .        c - +0 robe
rPois   .            (helmet restricted)
rElec   .            (no cloak)
rCorr   .            (no gloves)
SInv    .            (no boots)
Will    .....        (no amulet)
Stlth   +            (no ring)
HPRegen 0.22/turn    (no ring)
MPRegen 0.07/turn

%: no passive effects
@: no status effects
A: horns 2, retaliatory headbutt
a: no special abilities


You were on level 1 of the Dungeon.
You visited 1 branch of the dungeon, and saw 1 of its levels.

You collected 42 gold pieces.


Innate Abilities, Weirdness & Mutations

You have a pair of horns on your head.
You reflexively headbutt those who attack you in melee.


   Skills:
 - Level 1.2 Fighting
 + Level 2.4 Ranged Weapons
 - Level 2.1 Dodging
 - Level 1.0 Spellcasting
 - Level 2.0 Hexes


You had one spell level left.
You knew the following spells:

 Your Spells              Type           Power      Damage    Failure   Level
a - Slow                  Hex            16%        N/A       16%         1

Your spell library contained the following spells:

 Spells                   Type           Power      Damage    Failure   Level
 Inner Flame              Hex/Fire       2%         N/A       56%         3
 Portal Projectile        Hex/Tloc       4%         N/A       56%         3
 Cause Fear               Hex            2%         N/A       83%         4

Inventory:

Hand Weapons
 Y - a +0 shortbow (weapon)
Armour
 c - a +0 robe (worn)
Scrolls
 b - a scroll of poison
 d - a scroll of identify
Potions
 a - a potion of invisibility

Dungeon Overview and Level Annotations

Branches:
Dungeon (1/15)

Altars:

Annotations:
D:1 exclusion: 2 gnolls


Message History

Enter note:
Enter note: You shoot an arrow.
The arrow hits the rat!
You kill the rat!
There is a faded altar of an unknown god here.
You see here a scroll of immolation.
A gnoll comes into view. It is wielding a +0 spear.
Enter note:
Enter note: You shoot an arrow.
The arrow hits the gnoll.
The gnoll shouts!
The gnoll is lightly wounded.
You shoot an arrow. The arrow hits the gnoll.
The gnoll is moderately wounded.
Enter note:
Enter note: You shoot an arrow.
The arrow barely misses the gnoll.
The gnoll hits you from afar with a +0 spear. x2
You shoot an arrow. The arrow hits the gnoll.
The gnoll is moderately wounded.
The gnoll hits you from afar with a +0 spear.
Enter note:
141 ||| READING 3 scrolls labelled QOTHEW ZIUQ.
As you read the scroll labelled QOTHEW ZIUQ, it crumbles to dust.
It is a scroll of identify.
Really abort (and waste the scroll)?
The gnoll barely misses you.
Enter note:
Enter note:
Enter note:
Enter note:
Enter note: You start resting.
A gnoll is nearby!
Enter note:
144 ||| READING 2 scrolls of identify.
As you read the scroll of identify, it crumbles to dust.
a - a potion of invisibility;
144 ||| IDENTIFYING silvery potion The gnoll hits you from afar with a +0 spear.
You die...

.##... ### .....#
### .. ..## ...#.
..# #...#### ..# #
##.#...# #.#
#....g.[.# #.##
##... #.g.#
...######...#.###.##
.#.##...........@..#
.#.##......#.#.....#
.............#.##..#
...##...#........#%#
...##...#.##.##....#
...###.....#.#..#..#
...#
#...#.._..#.+..#
...#
#.......#......#
...#
#..#..#....#...#


You could see a gnoll.

Vanquished Creatures
  A quokka (D:1)
  A rat (D:1)
2 creatures vanquished.

Notes
Turn   | Place    | Note
-------+----------+-------------------------------------------
     0 | D:1      | qw the Minotaur Hexslinger began the quest for the Orb.
     0 | D:1      | Reached XP level 1. HP: 16/16 MP: 1/1
     0 | D:1      | 0 ||| qw: Version: 0.3-a-52-g30416fa
     0 | D:1      | 0 ||| qw: Game counter: 6985
     0 | D:1      | 0 ||| qw: Melee chars always use a shield: true
     0 | D:1      | 0 ||| qw: God list: Okawaru
     0 | D:1      | 0 ||| qw: Allow faded altars: false
     0 | D:1      | 0 ||| qw: Do Orc after clearing Dungeon:15 true
     0 | D:1      | 0 ||| qw: Do second Lair branch before Depths: true
     0 | D:1      | 0 ||| qw: Lair rune preference: random
     0 | D:1      | 0 ||| qw: Goals: Normal
     0 | D:1      | 0 ||| PLANNING D:1-11
    98 | D:1      | 98 ||| SWAPPING to +0 shortbow.
    99 | D:1      | 99 ||| DROPPING +1 sling.
   119 | D:1      | Found a faded altar of an unknown god.
   141 | D:1      | 141 ||| READING 3 scrolls labelled QOTHEW ZIUQ.
   144 | D:1      | 144 ||| READING 2 scrolls of identify.
   144 | D:1      | 144 ||| IDENTIFYING silvery potion
   144 | D:1      | Slain by a gnoll

Levels and vault maps discovered:
D:1:      tarquinn_simple_flora_water_b, layout_loops_cross,
          hellmonk_ecumenical_altar_blasted,
          nicolae_concentric_dashed_squares_mild

Action                     || total
---------------------------++-------
   Fire: Shortbow          ||     5
         Sling             ||     2
    Use: Scroll            ||     2
  Dodge: Dodged            ||     1

Table legend:
 A = Non-vault XP
 B = Vault XP
 C = Vault XP percentage of total XP
 D = Non-vault monster count
 E = Vault monster count
 F = Vault count percentage of total count
                 A         B        C        D         E       F
            +---------+---------+-------+---------+---------+-------
      Total |       3 |       0 |   0.0 |       2 |       0 |   0.0
            +---------+---------+-------+---------+---------+-------
        D:1 |       3 |       0 |   0.0 |       2 |       0 |   0.0
            +---------+---------+-------+---------+---------+-------
